 Dungeon Crawl Stone Soup version 0.20.1-1-g8b1a95d (webtiles) character file.

189 empire the Shield-Bearer (level 5, 0/47 HPs)
             Began as a Minotaur Fighter on July 12, 2017.
             Succumbed to an adder's poison
             ... on level 4 of the Dungeon.
             The game lasted 00:04:40 (1952 turns).

empire the Shield-Bearer (Minotaur Fighter)         Turns: 1952, Time: 00:04:41

Health: 0/47       AC:  7    Str: 27    XL:     5   Next: 40%
Magic:  4/4        EV: 14    Int:  5    God:
Gold:   109        SH: 10    Dex: 14    Spells: 4/4 levels left

rFire    . . .     SeeInvis .   a - +0 long sword
rCold    . . .     Gourm    .   c - +0 shield
rNeg     . . .     Faith    .   b - +0 scale mail
rPois    .         Spirit   .   (helmet restricted)
rElec    .         Reflect  .   (no cloak)
rCorr    .         Harm     .   (no gloves)
MR       .....                  (no boots)
Stlth    +.........             (no amulet)
Regen    0.2/turn               (no ring)
MPRegen  0.1/turn               (no ring)

@: mighty, agile, lethally poisoned (0 -> -5), flying
A: retaliatory headbutt, horns 2
a: no special abilities


You were on level 4 of the Dungeon.
You were hungry.

You visited 1 branch of the dungeon, and saw 4 of its levels.

You collected 109 gold pieces.

Inventory:

Hand Weapons
 a - a +0 long sword (weapon)
 p - a +0 short sword of speed
 t - a +0 whip of flaming
 z - a +0 long sword
 B - a +0 dagger of speed
Armour
 b - a +0 scale mail (worn)
 c - a +0 shield (worn)
 o - a cursed +0 leather armour
 y - a +2 robe of fire resistance
Magical Staves
 r - an uncursed staff of air {unknown}
Jewellery
 g - an uncursed ring of flight {unknown}
Wands
 x - a wand of lightning (10/15)
Scrolls
 e - 2 scrolls of remove curse {unknown}
 h - 3 scrolls of fog {unknown}
 k - a scroll of fear {unknown}
 l - 5 scrolls of identify {unknown}
 w - a scroll of magic mapping {unknown}
 A - a scroll of amnesia {unknown}
Potions
 j - a potion of flight
 n - a potion of berserk rage {unknown}
 u - a potion of ambrosia {unknown}
Comestibles
 f - 2 bread rations
 m - 2 meat rations
 q - 2 royal jellies


   Skills:
 + Level 4.4 Fighting
 * Level 4.1 Long Blades
 + Level 4.3 Armour
 + Level 2.1 Dodging
 + Level 4.7 Shields


You had 4 spell levels left.
You didn't know any spells.

Dungeon Overview and Level Annotations

Branches:
Dungeon (4/15)
 Temple: D:4-7

Altars:

Portals:
Sewer: D:4

Annotations:
D:3 1 runed door
D:4 appiemonkey's ghost, amateur GrEE


Innate Abilities, Weirdness & Mutations

You reflexively headbutt those who attack you in melee.
You have a pair of horns on your head.


Message History

* * * LOW HITPOINT WARNING * * *
You are lethally poisoned!
The adder poisons you! Appiemonkey's ghost barely misses you.
You block the adder skeleton's attack. The adder barely misses you.
It was a potion of flight.
You feel very buoyant.
You fly up into the air.
* * * LOW HITPOINT WARNING * * *
You feel sick. The adder bites you.
* * * LOW HITPOINT WARNING * * *
You block appiemonkey's ghost's attack. You block the adder skeleton's attack.
It was a potion of agility.
You feel agile all of a sudden.
* * * LOW HITPOINT WARNING * * *
You feel sick. The adder barely misses you.
You block the adder skeleton's attack.
Appiemonkey's ghost hits you but does no damage.
You barely miss the adder.
The adder is heavily wounded.
You die...

### ..#
..###+##
........
###.......
#.<.......
#..###.###
##.#.W##..###
#....Z@.....#
......##S##...#
#.....#≈s≈#...#
......#≈≈≈#.###
##..#.#≈∩≈#.#
....#$#≈≈≈#.#
..[ ..#≈≈≈#.#
...#####.#


You could see appiemonkey's ghost, an adder, a giant cockroach and an adder
skeleton.

Vanquished Creatures
  Jessica (D:3)
  Terence (D:2)
  A worker ant (D:4)
  4 adders
  2 worms
  3 dart slugs
  A ball python (D:1)
  7 bats
  8 giant cockroaches
  7 goblins
  7 hobgoblins
  9 jackals (D:3)
  5 kobolds
  2 frilled lizards
  7 rats
65 creatures vanquished.

Notes
Turn   | Place    | Note
-------+----------+-------------------------------------------
     0 | D:1      | empire the Minotaur Fighter began the quest for the Orb.
     0 | D:1      | Reached XP level 1. HP: 19/19 MP: 0/0
   115 | D:1      | Reached XP level 2. HP: 25/27 MP: 1/1
   165 | D:1      | Reached skill level 1 in Dodging
   572 | D:2      | Reached XP level 3. HP: 33/33 MP: 2/2
  1232 | D:2      | Noticed Terence
  1251 | D:2      | Killed Terence
  1251 | D:2      | Reached XP level 4. HP: 26/40 MP: 3/3
  1608 | D:3      | Noticed Jessica
  1619 | D:3      | Killed Jessica
  1621 | D:3      | Reached XP level 5. HP: 41/47 MP: 4/4
  1706 | D:3      | Found a runed door.
  1929 | D:4      | Found a glowing drain.
  1929 | D:4      | Noticed appiemonkey's ghost (amateur GrEE)
  1950 | D:4      | HP: 2/47 [adder (1)]
  1952 | D:4      | Succumbed to an adder's poison

Skill      XL: |  1  2  3  4  5 |
---------------+----------------+-----
Dodging        | 1 2 |  2.1
Fighting       | 4 |  4.4
Shields        | 4 |  4.7
Long Blades    | 3 4 |  4.1
Armour         | 4 |  4.3

Action                   |  1- 3 |  4- 6 || total
-------------------------+-------+-------++-------
Melee: Long sword        |   110 |    59 ||   169
       Headbutt          |    17 |    10 ||    27
  Use: Potion            |       |     6 ||     6
  Eat: Chunk             |     1 |     2 ||     3
Armor: Scale mail        |    40 |    53 ||    93
Dodge: Dodged            |    27 |    45 ||    72
Block: Shield            |    69 |    62 ||   131
       Rpst.: Long sword |     6 |    16 ||    22
